 Dungeon Crawl Stone Soup version 0.28-a0-909-g796cbd3a86 (webtiles) character file.

Game seed: 15040310265268129220

30 gigimoi the Ducker (level 3, -6/19 HPs)
             Began as a Spriggan Abyssal Knight on Nov 24, 2021.
             Was a Follower of Lugonu.
             Mangled by Terence (11 damage)
             ... on level 2 of the Dungeon.
             The game lasted 00:02:02 (1434 turns).

gigimoi the Ducker (Spriggan Abyssal Knight)        Turns: 1434, Time: 00:02:03

Health: -6/19      AC:  2    Str:  9    XL:     3   Next: 3%
Magic:  5/5        EV: 18    Int: 11    God:    Lugonu [*.....]
Gold:   73         SH:  0    Dex: 16    Spells: 2/2 levels left

rFire   . . .      SeeInvis +   a - +1 short sword
rCold   . . .      Faith    .   (shield restricted)
rNeg    . . .      Spirit   .   b - +0 robe
rPois   .          Reflect  .   (helmet restricted)
rElec   .          Harm     .   (no cloak)
rCorr   .          Rampage  .   (gloves unavailable)
Will    .....                   (boots unavailable)
Stlth   ++........              (no amulet)
HPRegen 0.06/turn               (no ring)
MPRegen 0.09/turn               (no ring)

@: very quick
A: very small, no large weapons, unfitting armour, see invisible, speed 3
a: Renounce Religion, Depart the Abyss


You were on level 2 of the Dungeon.
You worshipped Lugonu.
Lugonu was aware of your devotion.
You visited 1 branch of the dungeon, and saw 2 of its levels.
You visited the Abyss 1 time.

You collected 73 gold pieces.

Inventory:

Hand Weapons
 a - a +1 short sword (weapon)
Armour
 b - a +0 robe (worn)
Jewellery
 c - a ring of positive energy
Scrolls
 d - a scroll of teleportation {unknown}
 e - 2 scrolls of silence {unknown}
 f - 2 scrolls of identify {unknown}
 g - a scroll of noise {unknown}
 h - a scroll of blinking {unknown}
 j - a scroll of immolation {unknown}
 k - a scroll of fear {unknown}
Potions
 i - a potion of curing {unknown}


   Skills:
 + Level 2.6 Fighting
 * Level 2.7 Short Blades
 * Level 3.8 Dodging
 * Level 1.4 Stealth
 + Level 2.1 Invocations


You had 2 spell levels left.
You didn't know any spells.
Your spell library was empty.

Dungeon Overview and Level Annotations

Branches:
Dungeon (2/15)

Altars:

Annotations:
D:2 Terence


Innate Abilities, Weirdness & Mutations

You are very small and have problems with some larger weapons.
You are too small for most types of armour.
You have supernaturally acute eyesight. (SInv)
You cover ground extremely quickly. (Speed+++)


Message History

Found a stone staircase leading down.
There is a stone staircase leading down here.
You open the door.
There is an open door here.
Found a rapier.
Terence shouts!
Terence completely misses you.
You hit Terence.
Terence is lightly wounded.
Terence drinks a potion.
Terence seems to grow stronger.
You hit Terence but do no damage.
Terence is lightly wounded.
Terence barely misses you.
You hit Terence.
Terence is moderately wounded.
Terence closely misses you.
You barely miss Terence.
Terence is moderately wounded.
Terence closely misses you.
You hit Terence but do no damage.
Terence is moderately wounded.
Terence closely misses you.
You hit Terence.
Terence is heavily wounded.
Terence hits you with a +2 falchion of holy wrath!
Ouch! That really hurt!
* * * LOW HITPOINT WARNING * * *
You barely miss Terence.
Terence is heavily wounded.
Terence barely misses you.
You hit Terence but do no damage.
Terence is heavily wounded.
You hit Terence.
Terence is severely wounded.
Terence closely misses you.
You hit Terence but do no damage.
Terence is severely wounded.
Terence hits you with a +2 falchion of holy wrath!
Ouch! That really hurt!
You die...

#........###.......#####
........................
...................#####
#........# #............
..)......####'#########.
.......................>
#.#.##.#####.######.###
#.# #.## #.# #@#####..#
#.# #@.......## #.#
#.........# #.#
#.........## #.#
#.......†..###.###
..................
.......###.###.###
...........# #....
...........###.###


You could see Terence (strong).

Vanquished Creatures
  2 dart slugs (D:2)
  3 ball pythons (D:1)
  7 bats
  2 endoplasms
  A giant cockroach (D:2)
  3 goblins (D:1)
  A hobgoblin (D:1)
  2 quokkas
  A kobold (D:1)
  A rat (D:1)
23 creatures vanquished.

Notes
Turn   | Place    | Note
-------+----------+-------------------------------------------
     0 | Abyss:1  | gigimoi the Spriggan Abyssal Knight began the quest for the
                  | Orb.
     0 | Abyss:1  | Reached XP level 1. HP: 11/11 MP: 3/3
    87 | Abyss:1  | Noticed a golden eye
    94 | D:1      | Escaped the Abyss
   576 | D:1      | Reached XP level 2. HP: 16/16 MP: 4/4
   630 | D:1      | Found a faded altar of an unknown god.
   722 | D:1      | Reached skill level 1 in Stealth
   811 | D:1      | Reached * piety under Lugonu
  1341 | D:2      | Noticed Terence
  1360 | D:2      | Reached XP level 3. HP: 19/19 MP: 5/5
  1434 | D:2      | Mangled by Terence

Illustrated notes

Levels and vault maps discovered:
D:1:      dpeg_arrival_more_subterranean_lakeside_camping, layout_loops_ring,
          chequers_ecumenical_altar_island, minmay_misc_feat_enclosed
D:2:      layout_basic, basic_altar, minmay_octomino_j4, uniq_sigmund,
          uniq_terence

Skill      XL: |  1  2 |
---------------+-------+-----
Invocations    | 2 |  2.1
Stealth        | 1 |  1.4
Fighting       | |  2.6
Short Blades   | |  2.7
Dodging        | |  3.8

Action                   || total
-------------------------++-------
Melee: Short sword       ||    77
Invok: Depart the Abyss  ||     1
 Stab: Sleeping          ||     6
Armor: Robe              ||    14
Dodge: Dodged            ||    61

Table legend: (Time is in decaauts)
 A = Elapsed time spent in this place.
 B = Non-inter-level travel time spent in this place.
 C = Inter-level travel time spent in this place.
 D = Time resting spent in this place.
 E = Time spent auto-exploring this place.
 F = Levels seen in this place.
 G = Mean time per level.
                   A        B        C        D        E       F      G
               +--------+--------+--------+--------+--------+-----+--------+
         Total |   1067 |   1058 |      9 |      0 |    897 |   3 |  355.7 |
       Dungeon |   1010 |   1001 |      9 |      0 |    847 |   2 |  505.0 |
         Abyss |     57 |     57 |      0 |      0 |     49 |   1 |   57.0 |
               +--------+--------+--------+--------+--------+-----+--------+

Top non-repeatable levels by time:
     D:1: 861 daAuts
     D:2: 148 daAuts
 Abyss:1: 57 daAuts
